[Event "Wednesday April 4 Engine Tour 9 Rd Swiss 12m+1s Starts at 1600hrs ST"]
[Site "Infinity Chess"]
[Date "2018.4.4"]
[Round "8"]
[White "ivrdurant"]
[Black "Harry_Potter"]
[Result "0-1"]
[ECO "C50"]
[WhiteElo "2486"]
[BlackElo "2490"]
[WhiteEngine "Raubfisch X38"]
[BlackEngine "asmFishW_2018-03-27_bmi2_CTG"]
[EventType "Swiss"]
[WhiteTeam ""]
[BlackTeam ""]
[PlyCount "178"]
[TimeControl "720+1"]

1. e4 e5 2. Nf3 Nc6 3. Bc4 Bc5 4. O-O Nf6 5. d3 d6 6. c3 O-O 7. h3 a6 
8. Nbd2 Ba7 9. Bb3 h6 10. Re1 Be6 11. Nf1 Re8 12. Bc2 d5 13. Qe2 b5 14. Ng3 dxe4 
15. dxe4 Bc4 16. Qd2 Re7 17. Rd1 Qxd2 18. Nxd2 Be6 19. Ndf1 Rd7 20. Be3 a5 
21. b3 Kf8 22. Bxa7 Nxa7 23. Ne3 Nc8 24. a4 Rxd1+ 25. Nxd1 c6 26. Nb2 Nb6 
27. Nf5 Rd8 28. Ne3 Rd2 29. b4 axb4 30. cxb4 bxa4 31. Nxa4 Nc4 32. Rd1 Re2 
33. Bd3 Nxe3 34. fxe3 Ra2 35. Nc5 Ke7 36. Rc1 Ra3 37. Be2 Bc8 38. Kf1 Nd7 
39. Kf2 Nxc5 40. Rxc5 Kd6 41. Rc2 Be6 42. Rd2+ Kc7 43. Rb2 Kb7 44. Kf3 Kb6 
45. Kf2 Ra2 46. Rxa2 Bxa2 47. Kf3 Bb3 48. Kg4 g6 49. Bd3 c5 50. bxc5+ Kxc5 
51. Ba6 Ba4 52. h4 Bb5 53. Bc8 Bc6 54. Kf3 Kb4 55. Ba6 Kc3 56. g3 f6 
57. Ke2 Bxe4 58. Bb5 Bf5 59. Ke1 g5 60. Be2 gxh4 61. gxh4 e4 62. Kd1 Be6 
63. Bf1 Bc4 64. Bh3 Kd3 65. Ke1 Kxe3 66. Bg4 f5 67. Bxf5 Kf4 68. Bg6 Be6 
69. Kd2 e3+ 70. Ke1 Bg4 71. Bf7 h5 72. Kf1 Kg3 73. Bc4 Kxh4 74. Kg2 Kg5 
75. Bb5 h4 76. Bc6 h3+ 77. Kg3 e2 78. Kf2 Kf4 79. Bh1 h2 80. Bg2 Bf3 
81. Bxf3 e1=Q+ 82. Kxe1 Kxf3 83. Kd1 Ke3 84. Kc2 h1=Q 85. Kc3 Qe4 86. Kb3 Kd2 
87. Ka2 Qb7 88. Ka1 Kc3 89. Ka2 Qb2# 0-1

[Event "Wednesday April 4 Engine Tour 9 Rd Swiss 12m+1s Starts at 1600hrs ST"]
[Site "Infinity Chess"]
[Date "2018.4.4"]
[Round "7"]
[White "Seliga"]
[Black "Thinker"]
[Result "1/2-1/2"]
[ECO "C50"]
[WhiteElo "2466"]
[BlackElo "2439"]
[WhiteEngine "SF9 ''M24''_CTG"]
[BlackEngine "BrainFish_180329_x64_modern_CTG"]
[EventType "Swiss"]
[WhiteTeam ""]
[BlackTeam ""]
[PlyCount "86"]
[TimeControl "720+1"]

1. e4 e5 2. Nf3 Nc6 3. Bc4 Bc5 4. d3 Nf6 5. O-O O-O 6. c3 d6 7. a4 a6 8. Bg5 h6 
9. Bh4 g5 10. Bg3 Ba7 11. Nbd2 Nh7 12. h3 h5 13. Kh1 Kh8 14. b4 g4 15. Nh4 Qg5 
16. Kh2 Ne7 17. Qe2 Ng6 18. Nxg6+ fxg6 19. h4 Qe7 20. Rh1 Be6 21. Bxe6 Qxe6 
22. Nc4 Rf7 23. b5 Raf8 24. b6 cxb6 25. d4 exd4 26. Qd3 dxc3 27. Nxd6 Rc7 
28. Nb5 Qc4 29. Qd6 Rc6 30. Qe5+ Nf6 31. Nxa7 Re6 32. Qf4 Kg7 33. Rad1 Rxe4 
34. Qc1 Re2 35. Rhe1 Rxe1 36. Rxe1 Kf7 37. Qc2 Rd8 38. Re3 Nd5 39. Re5 Rd7 
40. Re4 Qc5 41. Re5 Qc4 42. Re4 Qc5 43. Re5 Qc4 1/2-1/2

[Event "Wednesday April 4 Engine Tour 9 Rd Swiss 12m+1s Starts at 1600hrs ST"]
[Site "Infinity Chess"]
[Date "2018.4.4"]
[Round "7"]
[White "angriff"]
[Black "MiKachomiKa QueeN"]
[Result "1/2-1/2"]
[ECO "C55"]
[WhiteElo "2390"]
[BlackElo "2425"]
[WhiteEngine "DracoREX 3.07 64BIT POPCNT_CTG"]
[BlackEngine "BrainFish_180401_x64_modern"]
[EventType "Swiss"]
[WhiteTeam ""]
[BlackTeam ""]
[PlyCount "140"]
[TimeControl "720+1"]

1. e4 e5 2. Nf3 Nc6 3. Bc4 Nf6 4. d3 Bc5 5. O-O d6 6. c3 O-O 7. h3 a5 
8. Nbd2 Be6 9. Bb5 h6 10. Re1 Qb8 11. Re2 Qa7 12. Ba4 Rab8 13. Bb3 Rbd8 
14. Qc2 Qa6 15. Re1 Rfe8 16. Bxe6 Rxe6 17. Nc4 Rde8 18. Ne3 Bxe3 19. Bxe3 d5 
20. Rad1 Ne7 21. Nh4 b6 22. f3 c5 23. Bf2 Qc8 24. g4 b5 25. Bg3 a4 26. Kh2 Qc6 
27. b3 axb3 28. axb3 Qb7 29. b4 cxb4 30. cxb4 Ra8 31. Nf5 Ra4 32. Nxe7+ Rxe7 
33. Rc1 Re8 34. Qc3 d4 35. Qc5 Ra2+ 36. Kg1 Rd2 37. Bxe5 Nd7 38. Qc7 Qxc7 
39. Bxc7 Rxd3 40. Kf2 Rc8 41. Bf4 Rc4 42. Ke2 Rb3 43. Red1 Rb2+ 44. Rd2 d3+ 
45. Kf2 Rxc1 46. Rxb2 Rc2+ 47. Rxc2 dxc2 48. Ke2 g5 49. Bc1 Ne5 50. Kd2 Nxf3+ 
51. Kxc2 Ng1 52. Kd3 Nxh3 53. Be3 Kg7 54. Kd4 Kf6 55. Kc5 Ke5 56. Kxb5 Kxe4 
57. Ba7 Nf4 58. Kc6 Ng6 59. b5 Ne5+ 60. Kc5 Nd3+ 61. Kd6 Nb2 62. Kc5 Nd3+ 
63. Kd6 Nb2 64. Bf2 Na4 65. Ke7 f5 66. b6 Nxb6 67. Bxb6 fxg4 68. Kf6 g3 
69. Kg6 g2 70. Kxh6 g4 1/2-1/2

[Event "Wednesday April 4 Engine Tour 9 Rd Swiss 12m+1s Starts at 1600hrs ST"]
[Site "Infinity Chess"]
[Date "2018.4.4"]
[Round "7"]
[White "Vimtiroba"]
[Black "CrapCleaner"]
[Result "1/2-1/2"]
[ECO "C50"]
[WhiteElo "2399"]
[BlackElo "2419"]
[WhiteEngine "AsmFish@ ''A3''_CTG"]
[BlackEngine "Raubfisch ME262_GTZ16e2_CTG"]
[EventType "Swiss"]
[WhiteTeam ""]
[BlackTeam ""]
[PlyCount "79"]
[TimeControl "720+1"]

1. e4 e5 2. Nf3 Nc6 3. Bc4 Bc5 4. d3 Nf6 5. c3 d6 6. O-O O-O 7. h3 a5 8. Re1 Bb6 
9. a4 h6 10. Nbd2 Be6 11. Bxe6 fxe6 12. Nc4 Bc5 13. Be3 Bxe3 14. Rxe3 Qd7 
15. Rc1 Rf7 16. d4 exd4 17. cxd4 Raf8 18. Qb3 b6 19. Kh2 Nb4 20. Na3 g5 
21. Nc2 Nxc2 22. Rxc2 g4 23. Nh4 Rg7 24. Nf5 Rg6 25. h4 Nd5 26. exd5 exf5 
27. Re6 Rg7 28. Rxh6 f4 29. g3 Qf5 30. Qc4 Rgf7 31. b3 fxg3+ 32. fxg3 Kg7 
33. Re6 Qxc2+ 34. Qxc2 Rf2+ 35. Qxf2 Rxf2+ 36. Kg1 Rf3 37. Re7+ Kf6 
38. Rxc7 Rxg3+ 39. Kf2 Rxb3 40. Rd7 1/2-1/2

[Event "Wednesday April 4 Engine Tour 9 Rd Swiss 12m+1s Starts at 1600hrs ST"]
[Site "Infinity Chess"]
[Date "2018.4.4"]
[Round "7"]
[White "ocirema"]
[Black "KillBill2017"]
[Result "1/2-1/2"]
[ECO "C53"]
[WhiteElo "2412"]
[BlackElo "2422"]
[WhiteEngine "asmFishW_2018-04-01_popcnt_CTG"]
[BlackEngine "Raubfisch ME262_GTZ17_CTG"]
[EventType "Swiss"]
[WhiteTeam ""]
[BlackTeam ""]
[PlyCount "147"]
[TimeControl "720+1"]

1. e4 e5 2. Nf3 Nc6 3. Bc4 Bc5 4. c3 Nf6 5. d3 d6 6. O-O O-O 7. Bg5 a5 8. a4 h6 
9. Bh4 g5 10. Bg3 Kg7 11. Nbd2 Ba7 12. Nb3 Ne7 13. Re1 Nh5 14. d4 Nxg3 
15. hxg3 Ng6 16. Nh2 c6 17. Nf1 f5 18. exf5 Bxf5 19. Ne3 Qf6 20. Rf1 Bd7 
21. Be2 Rae8 22. Qd2 exd4 23. cxd4 d5 24. Rae1 b6 25. Qd3 Bb8 26. Nd2 Bd6 
27. Bh5 Re7 28. Rc1 Rfe8 29. Rc2 Rf7 30. Ng4 Qf5 31. Qb3 Bb4 32. Nf3 c5 
33. Rcc1 c4 34. Qd1 Rff8 35. Ne3 Qe4 36. b3 g4 37. Bxg6 Kxg6 38. Ne5+ Rxe5 
39. dxe5 Be6 40. bxc4 dxc4 41. Rc2 Rc8 42. Qc1 Kg7 43. Re2 c3 44. Rfe1 Qd3 
45. Rc2 Qd4 46. Qb1 Qd3 47. Rd1 Qe4 48. Qc1 Kf7 49. Re2 Be7 50. Rf1 Kg7 
51. Rc2 Bb4 52. Qd1 h5 53. Re1 Rf8 54. Rc1 Qxe5 55. Nxg4 Qf5 56. Qd4+ Kh7 
57. Ne5 Bc5 58. Qxc3 Bxf2+ 59. Kh1 Bd5 60. Nf3 Bxe1 61. Rxe1 Bxf3 62. Re7+ Rf7 
63. Rxf7+ Qxf7 64. gxf3 Qa2 65. Qd4 Kg8 66. f4 Qe6 67. Qd8+ Kf7 68. Kg1 Qe3+ 
69. Kh2 Qe2+ 70. Kh3 Qg4+ 71. Kg2 Qe2+ 72. Kh3 Qg4+ 73. Kg2 Qe2+ 74. Kh3 1/2-1/2

[Event "Wednesday April 4 Engine Tour 9 Rd Swiss 12m+1s Starts at 1600hrs ST"]
[Site "Infinity Chess"]
[Date "2018.4.4"]
[Round "7"]
[White "RonWeasley"]
[Black "star99"]
[Result "1-0 "]
[ECO "D12"]
[WhiteElo "2447"]
[BlackElo "2415"]
[WhiteEngine "BrainFish 010418 WM_CTG"]
[BlackEngine "Cryptic Heroes 9.2B"]
[EventType "Swiss"]
[WhiteTeam ""]
[BlackTeam ""]
[PlyCount "137"]
[TimeControl "720+1"]

1. d4 d5 2. c4 c6 3. Nf3 Nf6 4. e3 Bf5 5. Nc3 e6 6. Nh4 Bg6 7. Nxg6 hxg6 
8. Qb3 Qb6 9. Bd2 Nbd7 10. h3 Be7 11. O-O-O Qc7 12. Kb1 Nb6 13. cxd5 Nbxd5 
14. Be2 Nxc3+ 15. Bxc3 a5 16. Qc2 a4 17. e4 a3 18. b3 Rd8 19. h4 c5 20. Ba1 Qa5 
21. d5 exd5 22. exd5 Kf8 23. g3 Kg8 24. Rhe1 Bd6 25. f4 b5 26. Bc3 b4 
27. Bxf6 gxf6 28. f5 Rh6 29. fxg6 Rxg6 30. Bd3 Rg7 31. g4 Qc7 32. Bf5 Be5 
33. Re4 Qd6 34. Qd2 Bc3 35. Qf2 Bd4 36. Qf3 Qh2 37. Re2 Qd6 38. Rf1 Be5 
39. Be4 Qb6 40. h5 Rg5 41. h6 Qd6 42. Rd1 Kh8 43. h7 f5 44. Bxf5 f6 45. Qe3 Rg7 
46. Rc1 Qxd5 47. Qxc5 Qxc5 48. Rxc5 Bc3 49. Kc2 Rb7 50. Rd5 Ra8 51. Re4 Ba1 
52. Kd1 Bc3 53. Ke2 Rab8 54. Re6 Ba1 55. Ke3 Bc3 56. Kf3 Rf8 57. Red6 Rbb8 
58. Rd7 Rbe8 59. R5d6 Ba1 60. Rb6 Bb2 61. Rxb4 Re5 62. Rc4 Rb5 63. Rcc7 Be5 
64. Rf7 Rfb8 65. Rc8+ Rxc8 66. Bxc8 Bd6 67. Bf5 Rb8 68. Rxf6 Bb4 69. Ra6 1-0

[Event "Wednesday April 4 Engine Tour 9 Rd Swiss 12m+1s Starts at 1600hrs ST"]
[Site "Infinity Chess"]
[Date "2018.4.4"]
[Round "7"]
[White "Marsell"]
[Black "SkyPilot"]
[Result "1/2-1/2"]
[ECO "C55"]
[WhiteElo "2472"]
[BlackElo "2487"]
[WhiteEngine "asmFishW_2018-04-02_bmi2"]
[BlackEngine "stockfish_x64_bmi2_2018_03_30_CTG"]
[EventType "Swiss"]
[WhiteTeam ""]
[BlackTeam ""]
[PlyCount "122"]
[TimeControl "720+1"]

1. e4 e5 2. Nf3 Nc6 3. Bc4 Nf6 4. d3 Bc5 5. c3 d6 6. O-O a5 7. Bg5 h6 8. Bh4 Ba7 
9. Nbd2 g5 10. Bg3 O-O 11. a3 Nh7 12. b4 Ne7 13. d4 g4 14. Nh4 exd4 15. b5 Nf6 
16. Qc1 Nh5 17. Nb3 Kh7 18. Nxd4 Ng6 19. Nhf5 Qg5 20. Qd1 Bxf5 21. Nxf5 Nxg3 
22. Nxg3 Ne5 23. Be2 Rae8 24. Kh1 Bc5 25. Nf5 Rg8 26. a4 Rg6 27. f4 gxf3 
28. Bxf3 Nxf3 29. Qxf3 Re5 30. g3 d5 31. Nh4 dxe4 32. Qxf7+ Rg7 33. Qa2 Qg4 
34. Rae1 e3 35. Rf4 Qe6 36. Qc2+ Kh8 37. Nf3 Rh5 38. Qg2 c6 39. bxc6 Qxc6 
40. Rd1 Rg8 41. Qe2 Re5 42. Kg1 Re4 43. Nd4 Bxd4 44. Rxe4 Qxe4 45. Rxd4 Qe6 
46. Qc4 Qxc4 47. Rxc4 Rf8 48. Re4 Rf3 49. g4 Rf2 50. Rxe3 Rf4 51. h3 Rxa4 
52. Re8+ Kg7 53. Re7+ Kf6 54. Rxb7 Rc4 55. Rb6+ Kg7 56. Kf2 a4 57. Ra6 Rxc3 
58. Rxa4 Rxh3 59. Rc4 Rh4 60. Kg3 Rh1 61. Rc7+ Kg8 1/2-1/2

[Event "Wednesday April 4 Engine Tour 9 Rd Swiss 12m+1s Starts at 1600hrs ST"]
[Site "Infinity Chess"]
[Date "2018.4.4"]
[Round "7"]
[White "MarioDeMonti"]
[Black "KRAKEN"]
[Result "1/2-1/2"]
[ECO "C53"]
[WhiteElo "2508"]
[BlackElo "2463"]
[WhiteEngine "stockfish_x64_bmi2_2018_02_18_CTG"]
[BlackEngine "Raubfisch ME262_GTZ17_CTG"]
[EventType "Swiss"]
[WhiteTeam ""]
[BlackTeam ""]
[PlyCount "119"]
[TimeControl "720+1"]

1. e4 e5 2. Nf3 Nc6 3. Bc4 Bc5 4. c3 Nf6 5. d3 O-O 6. O-O d6 7. h3 a6 8. Re1 Ba7 
9. a4 h6 10. Nbd2 Nh5 11. Nf1 Qf6 12. Ne3 Nf4 13. Ng4 Qg6 14. Bxf4 exf4 
15. d4 Bxg4 16. hxg4 Qxg4 17. a5 Rae8 18. b4 Ne7 19. b5 axb5 20. Bxb5 c6 
21. Bd3 Ng6 22. e5 dxe5 23. Bxg6 Qxg6 24. Nxe5 Qe6 25. a6 bxa6 26. Rxa6 Bb8 
27. Rxc6 Qf5 28. Nf3 Rxe1+ 29. Qxe1 Qd7 30. Ra6 Qc8 31. Rb6 Bc7 32. Rc6 Qd7 
33. Ra6 Qb5 34. Ra1 Qc4 35. Rc1 g5 36. Qe4 Rb8 37. Nd2 Qa6 38. Qe7 Qc6 
39. d5 Re8 40. Qxg5+ hxg5 41. dxc6 Re6 42. Nf3 Rxc6 43. Nxg5 Rc4 44. Kf1 f6 
45. Nf3 Ba5 46. Ke2 Rxc3 47. Rxc3 Bxc3 48. Kd3 Bb4 49. Ng1 Kg7 50. Ke4 Kg6 
51. Kxf4 f5 52. Ne2 Be7 53. Ke5 Kg5 54. Nd4 Bf6+ 55. Kd5 Kg4 56. f3+ Kg3 
57. Nxf5+ Kf2 58. Nd6 Ba1 59. f4 Bb2 60. f5 1/2-1/2

[Event "Wednesday April 4 Engine Tour 9 Rd Swiss 12m+1s Starts at 1600hrs ST"]
[Site "Infinity Chess"]
[Date "2018.4.4"]
[Round "7"]
[White "THE_MACHINE"]
[Black "MCDermont"]
[Result "1/2-1/2"]
[ECO "C11"]
[WhiteElo "2490"]
[BlackElo "2505"]
[WhiteEngine "BrainFish_180401_x64_bmi2"]
[BlackEngine "BrainFish 010418 WM_CTG"]
[EventType "Swiss"]
[WhiteTeam ""]
[BlackTeam ""]
[PlyCount "126"]
[TimeControl "720+1"]

1. e4 e6 2. d4 d5 3. Nc3 Nf6 4. e5 Nfd7 5. f4 c5 6. Nf3 Nc6 7. Be3 cxd4 
8. Nxd4 Qb6 9. Qd2 Qxb2 10. Rb1 Qa3 11. Bb5 Nxd4 12. Bxd4 a6 13. Bxd7+ Bxd7 
14. Rb3 Qe7 15. Rxb7 Rc8 16. O-O Qd8 17. f5 exf5 18. Qd3 Bc5 19. Bxc5 Rxc5 
20. Nxd5 Bc8 21. Re7+ Kf8 22. Qa3 Qa5 23. Qxa5 Rxa5 24. Rc7 Be6 25. Nf4 Rxe5 
26. Nxe6+ Rxe6 27. Rxf5 Re7 28. Rc8+ Re8 29. Rc7 Re7 30. Rc8+ Re8 31. Rfc5 Ke7 
32. R8c6 g6 33. Kf2 Ra8 34. Rc7+ Kf6 35. Rc3 Kg7 36. Rf3 Rhf8 37. Kg3 Rad8 
38. a3 Rd2 39. h4 Kg8 40. Rf2 Rd1 41. c4 Rc1 42. Rf6 Rc3+ 43. Rf3 Rc2 44. a4 Ra2 
45. a5 Rxa5 46. c5 Kg7 47. Rc3 Kf6 48. Rd7 h5 49. c6 Ke6 50. Rf3 Rc8 
51. Rdxf7 Rf5 52. R3xf5 gxf5 53. Rg7 Rxc6 54. Rh7 Kd5 55. Rxh5 Ke4 56. Rh8 f4+ 
57. Kf2 Rc2+ 58. Kf1 f3 59. Re8+ Kf4 60. gxf3 Kxf3 61. Rf8+ Kg4 62. Rg8+ Kf3 
63. Rf8+ Kg4 1/2-1/2

[Event "Wednesday April 4 Engine Tour 9 Rd Swiss 12m+1s Starts at 1600hrs ST"]
[Site "Infinity Chess"]
[Date "2018.4.4"]
[Round "7"]
[White "hafaba"]
[Black "ivrdurant"]
[Result "1/2-1/2"]
[ECO "E10"]
[WhiteElo "2468"]
[BlackElo "2487"]
[WhiteEngine "Eman 1.70-beta13 64-bit POPCNT"]
[BlackEngine "Raubfisch X38"]
[EventType "Swiss"]
[WhiteTeam ""]
[BlackTeam ""]
[PlyCount "153"]
[TimeControl "720+1"]

1. d4 Nf6 2. c4 e6 3. Nf3 d5 4. Nc3 c6 5. e3 Nbd7 6. Qc2 Bd6 7. g4 Nxg4 
8. Rg1 Nxh2 9. Nxh2 Bxh2 10. Rxg7 Qh4 11. Bd2 Kf8 12. Rg2 Rg8 13. O-O-O Nf6 
14. f3 Rxg2 15. Bxg2 Kg8 16. Bf1 Bd7 17. Bd3 Qh3 18. Kb1 Kh8 19. Bc1 Bc7 
20. Qb3 Rb8 21. Ka1 dxc4 22. Qxc4 Bd6 23. e4 b5 24. Qb3 Be7 25. Rf1 Nh5 
26. Qd1 Ng3 27. Bf4 Rg8 28. Rg1 f6 29. Bb1 Be8 30. d5 b4 31. d6 bxc3 
32. dxe7 cxb2+ 33. Kxb2 Qh2+ 34. Bc2 Qf2 35. Re1 Qb6+ 36. Bb3 Nh5 37. Be3 Qb4 
38. Qc1 Qxe7 39. Rd1 a5 40. Ka1 Qc7 41. Qc5 Bf7 42. Rd6 Rb8 43. Rxc6 Qg3 
44. Qd6 Rg8 45. Qxg3 Rxg3 46. Bh6 Bg8 47. Rc5 Ng7 48. Kb2 Rxf3 49. Rc8 Rf2+ 
50. Kc1 a4 51. Bxa4 Rxa2 52. Bb3 Re2 53. Bd2 Rxe4 54. Bc3 Re3 55. Kd2 Rf3 
56. Bd1 Rf5 57. Ke3 Rf1 58. Be2 Rc1 59. Kd2 Rxc3 60. Kxc3 Nf5 61. Bc4 Nd6 
62. Rxg8+ Kxg8 63. Bxe6+ Kg7 64. Kd4 Kg6 65. Ke3 Kg5 66. Kf3 h6 67. Bd5 f5 
68. Ba8 h5 69. Bc6 Nc4 70. Bd5 Ne5+ 71. Kg3 Nd3 72. Bc4 Nc5 73. Be2 Nb3 
74. Bb5 Nc5 75. Be2 f4+ 76. Kg2 Na4 77. Bf1 1/2-1/2

[Event "Wednesday April 4 Engine Tour 9 Rd Swiss 12m+1s Starts at 1600hrs ST"]
[Site "Infinity Chess"]
[Date "2018.4.4"]
[Round "7"]
[White "Harry_Potter"]
[Black "Brtroy"]
[Result "1/2-1/2"]
[ECO "D35"]
[WhiteElo "2489"]
[BlackElo "2520"]
[WhiteEngine "asmFishW_2018-03-27_bmi2_CTG"]
[BlackEngine "Stockfish_18040103_x64_bmi2_CTG"]
[EventType "Swiss"]
[WhiteTeam ""]
[BlackTeam ""]
[PlyCount "128"]
[TimeControl "720+1"]

1. d4 d5 2. c4 e6 3. Nc3 Nf6 4. cxd5 exd5 5. Bg5 c6 6. e3 h6 7. Bh4 Be7 
8. Qc2 O-O 9. Bd3 Re8 10. Nge2 b6 11. O-O Nbd7 12. Rac1 Nh5 13. Bxe7 Qxe7 
14. a3 Bb7 15. Rfd1 a5 16. Bh7+ Kh8 17. Bf5 Ndf6 18. Na4 g6 19. Bd3 Nd7 
20. Qb3 Rab8 21. Qc3 Ra8 22. h3 Kg7 23. Qd2 Rec8 24. Nac3 Re8 25. Re1 Qe6 
26. g4 Nhf6 27. Nf4 Qe7 28. f3 b5 29. e4 b4 30. Na4 dxe4 31. fxe4 bxa3 
32. e5 Nh7 33. bxa3 Qxa3 34. Qf2 Ng5 35. h4 Ne6 36. Rb1 Ba6 37. Nxe6+ Rxe6 
38. Bxa6 Qxa4 39. Rb7 Re7 40. Bf1 Rae8 41. h5 g5 42. Kh2 Qa3 43. Re3 Qa4 
44. Re1 Qa3 45. Reb1 a4 46. Qf5 Qe3 47. Rxd7 Rxd7 48. Qxd7 Qf4+ 49. Kg1 Qe3+ 
50. Kh2 Qf4+ 51. Kg1 Qe3+ 52. Kg2 Qe4+ 53. Kf2 Qxb1 54. Qxe8 Qb2+ 55. Be2 Qxd4+ 
56. Ke1 Qb4+ 57. Kd1 a3 58. e6 Qd4+ 59. Ke1 Qg1+ 60. Kd2 Qd4+ 61. Kc1 Qe3+ 
62. Kd1 Qd4+ 63. Ke1 Qb4+ 64. Kd1 Qd4+ 1/2-1/2

[Event "Wednesday April 4 Engine Tour 9 Rd Swiss 12m+1s Starts at 1600hrs ST"]
[Site "Infinity Chess"]
[Date "2018.4.4"]
[Round "6"]
[White "MiKachomiKa QueeN"]
[Black "Mr Aj"]
[Result "1/2-1/2"]
[ECO "B90"]
[WhiteElo "2425"]
[BlackElo "2426"]
[WhiteEngine "BrainFish_180401_x64_modern"]
[BlackEngine "Houdini 6"]
[EventType "Swiss"]
[WhiteTeam ""]
[BlackTeam ""]
[PlyCount "116"]
[TimeControl "720+1"]

1. e4 c5 2. Nf3 d6 3. d4 cxd4 4. Nxd4 Nf6 5. Nc3 a6 6. Be3 e5 7. Nb3 Be7 
8. Be2 Be6 9. Qd3 O-O 10. O-O Nc6 11. a3 Rc8 12. Nd5 Nd7 13. h3 Bg5 14. Bg4 Bxg4 
15. hxg4 Bxe3 16. Nxe3 Qg5 17. Qd2 Nf6 18. f3 h5 19. Nd5 Qg6 20. Nxf6+ gxf6 
21. c3 Kg7 22. Rad1 hxg4 23. fxg4 Rh8 24. g5 fxg5 25. Qxd6 Rhd8 26. Qxg6+ Kxg6 
27. Nc5 Rxd1 28. Rxd1 Na5 29. Rd6+ Kh5 30. Nd7 Nc4 31. Rf6 Nxb2 32. Nxe5 Re8 
33. Rf5 f6 34. Nd7 Rxe4 35. Nxf6+ Kg6 36. Nxe4 Kxf5 37. Nd6+ Ke5 38. Nxb7 Na4 
39. c4 Nb2 40. c5 Kd5 41. Nd6 Nd3 42. Nf7 g4 43. Kh2 Nxc5 44. Kg3 a5 
45. Kxg4 Kd4 46. Kf5 Ne4 47. Nd8 a4 48. Ne6+ Kd5 49. Nc7+ Kd4 50. Na8 Ng3+ 
51. Kg4 Ne2 52. g3 Kc3 53. Nc7 Ng1 54. Nb5+ Kb3 55. Nd4+ Kxa3 56. Kf5 Kb2 
57. Nb5 Ne2 58. g4 Nd4+ 1/2-1/2

[Event "Wednesday April 4 Engine Tour 9 Rd Swiss 12m+1s Starts at 1600hrs ST"]
[Site "Infinity Chess"]
[Date "2018.4.4"]
[Round "6"]
[White "ocirema"]
[Black "Seliga"]
[Result "1/2-1/2"]
[ECO "C50"]
[WhiteElo "2410"]
[BlackElo "2468"]
[WhiteEngine "asmFishW_2018-04-01_popcnt_CTG"]
[BlackEngine "SF9 ''M24''_CTG"]
[EventType "Swiss"]
[WhiteTeam ""]
[BlackTeam ""]
[PlyCount "134"]
[TimeControl "720+1"]

1. e4 e5 2. Nf3 Nc6 3. Bc4 Bc5 4. O-O d6 5. c3 Nf6 6. b4 Bb6 7. a4 a5 8. b5 Ne7 
9. Re1 O-O 10. d4 exd4 11. cxd4 d5 12. exd5 Nexd5 13. h3 Be6 14. Bg5 h6 
15. Bh4 Nf4 16. Na3 Re8 17. Qc2 N4d5 18. Bf1 Rc8 19. Nc4 c6 20. bxc6 bxc6 
21. Nxb6 Qxb6 22. Rac1 Ra8 23. Bg3 Nb4 24. Qb2 Bd5 25. Ne5 Ne4 26. Bf4 Qa7 
27. f3 Ng5 28. Be3 Qc7 29. Qf2 Rad8 30. Bd2 Ne6 31. f4 f6 32. Nc4 Qa7 
33. Bc3 Kh8 34. Rb1 Rb8 35. Nd6 Red8 36. Nf5 Qc7 37. Nh4 c5 38. Rbc1 Na2 
39. Rc2 Nb4 40. Ng6+ Kh7 41. Bxb4 Rxb4 42. Bd3 f5 43. Qg3 Rb3 44. Ne7 Qxe7 
45. Bxf5+ Kg8 46. Qg6 cxd4 47. Rxe6 Bxe6 48. Bxe6+ Kh8 49. Bxb3 Qe3+ 
50. Kh2 Qxb3 51. Rc7 Qg8 52. f5 Qf8 53. Rf7 Qd6+ 54. Kg1 Qxg6 55. fxg6 d3 
56. Rf1 d2 57. Rd1 Rd6 58. Kf2 h5 59. Ke3 Re6+ 60. Kd4 Rd6+ 61. Kc3 Rxg6 
62. Rxd2 Rc6+ 63. Kb3 Rb6+ 64. Ka3 Rg6 65. Kb3 Rb6+ 66. Kc3 Rc6+ 67. Kb3 Rb6+ 
1/2-1/2

[Event "Wednesday April 4 Engine Tour 9 Rd Swiss 12m+1s Starts at 1600hrs ST"]
[Site "Infinity Chess"]
[Date "2018.4.4"]
[Round "6"]
[White "star99"]
[Black "CrapCleaner"]
[Result "1/2-1/2"]
[ECO "D35"]
[WhiteElo "2415"]
[BlackElo "2419"]
[WhiteEngine "Cryptic Heroes 9.2B"]
[BlackEngine "Raubfisch ME262_GTZ16e2_CTG"]
[EventType "Swiss"]
[WhiteTeam ""]
[BlackTeam ""]
[PlyCount "192"]
[TimeControl "720+1"]

1. d4 d5 2. c4 e6 3. Nc3 Nf6 4. cxd5 exd5 5. Bg5 c6 6. e3 Be7 7. Bd3 O-O 
8. Bf4 Bg4 9. Qb3 Qb6 10. h3 Qxb3 11. axb3 Be6 12. Nge2 Re8 13. O-O Nbd7 
14. f3 Nh5 15. Bh2 g6 16. g4 Ng7 17. Nf4 a6 18. Kf2 g5 19. Nxe6 Nxe6 
20. Rad1 Ndf8 21. Bg3 Ng6 22. Rh1 Rad8 23. Bf5 Kh8 24. Rc1 Kg8 25. Ne2 Rf8 
26. Bb1 Ng7 27. Bf5 Ne6 28. Rhd1 Rfe8 29. Rd3 Bf8 30. Rg1 Bb4 31. Nc1 Bf8 
32. Rc3 Bd6 33. Bxd6 Rxd6 34. b4 Rdd8 35. Ne2 f6 36. Rcc1 Re7 37. Ng3 Ng7 
38. Bc2 Nh4 39. Rce1 Ng6 40. Ne2 Rde8 41. Ng3 Rd8 42. Rh1 Rde8 43. Re2 Kf7 
44. Rhe1 Rd7 45. Bd3 Red8 46. Rh1 Rh8 47. Ke1 h5 48. Rf2 Rdd8 49. Rhf1 hxg4 
50. fxg4 Rd6 51. Rh2 Rh6 52. Kd2 Rd8 53. Rhf2 Nf8 54. Nf5 Nxf5 55. Rxf5 Kg7 
56. h4 gxh4 57. g5 fxg5 58. Rxg5+ Ng6 59. Rg2 Rg8 60. Rf3 Re8 61. Ke2 h3 
62. Rh2 Reh8 63. Kd2 Nh4 64. Rg3+ Ng6 65. Bf1 Kf8 66. Rgxh3 Rxh3 67. Rxh3 Rxh3 
68. Bxh3 Ne7 69. Bd7 Kf7 70. Ke2 Kf6 71. Bg4 Kg5 72. Bd7 Kf6 73. Bg4 Nf5 
74. Kf3 Nd6 75. Kf2 Ke7 76. Be2 Ne4+ 77. Kf3 Kd6 78. Bd3 Nd2+ 79. Kg3 Ke6 
80. Kf4 b5 81. Bf5+ Kd6 82. Bd3 Ke6 83. Kg4 Nc4 84. Bxc4 bxc4 85. Kg5 Kd7 
86. Kf5 Kd6 87. Kf4 Ke6 88. Kg5 Kd6 89. Kf5 Kd7 90. Ke5 Ke7 91. e4 dxe4 
92. Kxe4 Kd6 93. Kf4 Ke6 94. Ke4 Kd6 95. Kf4 Ke6 96. Ke4 Kd6 1/2-1/2

[Event "Wednesday April 4 Engine Tour 9 Rd Swiss 12m+1s Starts at 1600hrs ST"]
[Site "Infinity Chess"]
[Date "2018.4.4"]
[Round "6"]
[White "KillBill2017"]
[Black "Vimtiroba"]
[Result "1/2-1/2"]
[ECO "C77"]
[WhiteElo "2423"]
[BlackElo "2398"]
[WhiteEngine "Raubfisch ME262_GTZ17_CTG"]
[BlackEngine "AsmFish@ ''A3''_CTG"]
[EventType "Swiss"]
[WhiteTeam ""]
[BlackTeam ""]
[PlyCount "149"]
[TimeControl "720+1"]

1. e4 e5 2. Nf3 Nc6 3. Bb5 a6 4. Ba4 Nf6 5. O-O Be7 6. Re1 b5 7. Bb3 d6 
8. c3 O-O 9. h3 Nb8 10. d4 Nbd7 11. Nbd2 Bb7 12. Bc2 Re8 13. Nf1 Bf8 14. Ng3 g6 
15. a4 c5 16. d5 c4 17. Be3 Qc7 18. Ra2 Nc5 19. Qe2 Bg7 20. Nd2 Rf8 21. Ra3 Nfd7 
22. Raa1 Nb6 23. a5 Nbd7 24. Qd1 Bc8 25. Qb1 Bf6 26. Ra3 Rb8 27. Qa2 Qd8 
28. Nf3 Bg7 29. Rb1 h5 30. Ng5 h4 31. Nf1 f5 32. Nd2 f4 33. Bxc5 Nxc5 
34. Ngf3 g5 35. b4 cxb3 36. Nxb3 g4 37. hxg4 Bxg4 38. Nxc5 dxc5 39. c4 b4 
40. Rd3 Rb7 41. Bd1 Bc8 42. Kf1 Rbf7 43. Ke1 Qf6 44. Nh2 Qg6 45. Bf3 Bf6 
46. Ke2 Rh7 47. Qa1 Kf7 48. Qa4 Bg7 49. Qc6 Qxc6 50. dxc6 h3 51. Rg1 hxg2 
52. Rxg2 Rh6 53. c7 Be6 54. Rd8 Rhh8 55. Ke1 b3 56. Rd3 b2 57. Rb3 Rc8 
58. Rxb2 Rxc7 59. Bg4 Bxc4 60. Rb6 Rh6 61. Rxh6 Bxh6 62. Bh5+ Ke7 63. Nf3 Be6 
64. Rg6 Bf8 65. Kd2 c4 66. Kc2 c3 67. Nxe5 Rc5 68. Nd3 Rxa5 69. Bg4 Bf7 
70. Rc6 Bg7 71. Rc7+ Kf8 72. Rc8+ Ke7 73. Rc7+ Kf8 74. Rc8+ Ke7 75. Rc7+ 1/2-1/2